 Dungeon Crawl Stone Soup version 0.20.1-1-g8b1a95d (webtiles) character file.

98 slep the Chopper (level 4, -1/34 HPs)
             Began as a Demonspawn Gladiator on Dec 21, 2017.
             Slain by a worm (8 damage)
             ... on level 2 of the Dungeon.
             The game lasted 00:04:26 (1114 turns).

slep the Chopper (Demonspawn Gladiator)             Turns: 1114, Time: 00:04:27

Health: -1/34      AC:  9    Str: 15    XL:     4   Next: 43%
Magic:  4/4        EV: 13    Int:  9    God:
Gold:   107        SH:  0    Dex: 15    Spells: 3/3 levels left

rFire    + . .     SeeInvis .   a - +0 war axe
rCold    . . .     Gourm    .   (no shield)
rNeg     + . .     Faith    .   t - +1 robe {rN+}
rPois    .         Spirit   .   i - +2 helmet
rElec    .         Reflect  .   (no cloak)
rCorr    .         Harm     .   (no gloves)
MR       .....                  (no boots)
Stlth    +.........             (no amulet)
Regen    0.2/turn               r - ring of protection from fire
MPRegen  0.1/turn               (no ring)

@: confused, lethally poisoned (-1 -> -25)
A: hooves 1, molten scales 2
a: no special abilities


You were on level 2 of the Dungeon.
You were hungry.

You visited 1 branch of the dungeon, and saw 2 of its levels.

You collected 107 gold pieces.

Inventory:

Hand Weapons
 a - a +0 war axe (weapon)
Missiles
 d - 3 throwing nets (quivered)
 g - 27 sling bullets
 h - 4 tomahawks
 u - 14 poisoned needles
Armour
 b - a +0 leather armour
 c - a +0 helmet
 i - a +2 helmet (worn)
 t - a +1 robe of positive energy (worn)
Jewellery
 r - a ring of protection from fire (left hand)
Scrolls
 e - 2 scrolls of identify {unknown}
 j - 2 scrolls of teleportation {unknown}
 k - a scroll of recharging {unknown}
 l - 4 scrolls of remove curse {unknown}
 o - a scroll of enchant armour {unknown}
 v - a scroll of immolation {unknown}
Potions
 m - a potion of agility {unknown}
 p - a potion of resistance {unknown}
 s - a potion of ambrosia
Comestibles
 f - 2 bread rations
 n - 2 royal jellies
 q - a fruit


   Skills:
 + Level 2.4 Fighting
 + Level 4.0 Axes
 + Level 1.8 Throwing
 + Level 0.6 Armour
 + Level 3.2 Dodging


You had 3 spell levels left.
You didn't know any spells.

Dungeon Overview and Level Annotations

Branches:
Dungeon (2/15)

Altars:
Gozag

Annotations:
D:2 Sigmund


Innate Abilities, Weirdness & Mutations

You have large cloven feet.
You are mostly covered in molten scales. (AC +3)


Message History

Found a runed robe.
You barely miss the worm. You kick the worm.
The worm is heavily wounded.
* * * LOW HITPOINT WARNING * * *
You feel very sick. Something hits you but does no damage.
You are more poisoned.
The worm bites you.
* * * LOW HITPOINT WARNING * * *
A goblin comes into view. It is wielding a club.
It was a potion of ambrosia.
You are more confused.
You feel invigorated.
* * * LOW HITPOINT WARNING * * *
You feel sick.
The goblin shouts!
Something completely misses you.
* * * LOW HITPOINT WARNING * * *
You feel sick. The worm bites you!
You die...

##.[.. ##.....#
#......#
#......# .##.#
#....g.###
...#.#
#........ ._...
.. #......g#
.... #.#
#....w.# #..
#..## ##..{@.#
..# #...
#####.####.#
#...# #..?...#
#.. ######.#
#.. #.####.#
##. #......# #.
#######
##.##### ##
##.....####..#
##.......##..##


You could see a worm, a hobgoblin and a goblin.

Vanquished Creatures
  Jessica (D:2)
  Terence (D:2)
  3 dart slugs
  A leopard gecko (D:1)
  A giant cockroach (D:1)
  4 goblins
  11 hobgoblins
  4 kobolds
  2 quokkas (D:2)
  A ball python (D:1)
  5 bats
  2 frilled lizards (D:1)
  5 rats (D:1)
41 creatures vanquished.

Notes
Turn   | Place    | Note
-------+----------+-------------------------------------------
     0 | D:1      | slep the Demonspawn Gladiator began the quest for the Orb.
     0 | D:1      | Reached XP level 1. HP: 16/16 MP: 1/1
   124 | D:1      | Gained mutation: You are partially covered in molten scales. (AC +2) [demonic ancestry]
   124 | D:1      | Reached XP level 2. HP: 17/22 MP: 2/2
   217 | D:1      | Reached skill level 3 in Axes
   434 | D:1      | Gained mutation: You are mostly covered in molten scales. (AC +3) [demonic ancestry]
   434 | D:1      | Reached XP level 3. HP: 27/27 MP: 3/3
   871 | D:2      | Noticed Jessica
   882 | D:2      | Killed Jessica
   917 | D:2      | Gained mutation: You have large cloven feet. [demonic ancestry]
   917 | D:2      | Reached XP level 4. HP: 32/34 MP: 4/4
   949 | D:2      | Noticed Terence
   966 | D:2      | Killed Terence
   966 | D:2      | Reached skill level 4 in Axes
  1099 | D:2      | Found an opulent altar of Gozag.
  1103 | D:2      | Noticed Sigmund
  1114 | D:2      | Slain by a worm

Skill      XL: |  1  2  3  4 |
---------------+-------------+-----
Dodging        | 3 |  3.2
Axes           | 3 4 |  4.0
Fighting       | |  2.4
Throwing       | |  1.8
Armour         | |  0.6

Action                   |  1- 3 |  4- 6 || total
-------------------------+-------+-------++-------
Melee: War axe           |   105 |    21 ||   126
       Kick              |       |     8 ||     8
  Use: Potion            |       |     1 ||     1
Armor: Leather armour    |    41 |       ||    41
       Robe              |       |    11 ||    11
Dodge: Dodged            |    77 |    24 ||   101
